 Dungeon Crawl Stone Soup version 0.19-b1-4-gd8a0a2a (webtiles) character file.

126 Gargoyl the Distorting Demonspawn (level 4, 0/35 HPs)
             Began as a Demonspawn Abyssal Knight on Oct 31, 2016.
             Was a Believer of Lugonu.
             Slain by a worm (4 damage)
             ... on level 2 of the Dungeon.
             The game lasted 00:03:26 (2070 turns).

Gargoyl the Distorting Demonspawn (DsAK)            Turns: 2070, Time: 00:03:26

Health: 0/35       AC: 12    Str: 13    XL:     4   Next: 83%
Magic:  6/6        EV:  3    Int: 13    God:    Lugonu [**....]
Gold:   63         SH:  0    Dex: 13    Spells: 0 memorised, 3 levels left

rFire  . . .     SeeInvis .     a - +1 hand axe
rCold  . . .     Gourm    .     i - +0 plate armour
rNeg   . . .     Faith    .     (no shield)
rPois  +         Spirit   .     p - +0 helmet
rElec  .         Reflect  .     (no cloak)
rCorr  +         Harm     .     (no gloves)
MR     .....                    (no boots)
Stlth  ..........               (no amulet)
                                j - ring of resist corrosion
                                d - ring of poison resistance

@: no status effects
A: claws 1
a: Depart the Abyss, Bend Space, Renounce Religion


You were on level 2 of the Dungeon.
You worshipped Lugonu.
Lugonu was pleased with you.
You were not hungry.

You visited 1 branch of the dungeon, and saw 3 of its levels.
You visited the Abyss 1 time.

You collected 63 gold pieces.

Inventory:

Hand Weapons
 a - a +1 hand axe (weapon)
Armour
 i - a +0 plate armour (worn)
 p - a +0 helmet (worn)
Jewellery
 d - a ring of poison resistance (left claw)
 j - a ring of resist corrosion (right claw)
Wands
 f - a wand of lightning (1/15)
Scrolls
 k - 2 scrolls of magic mapping {unknown}
 o - 2 scrolls of remove curse
 q - a scroll of random uselessness {unknown}
Potions
 b - a potion of might {unknown}
 l - a potion of agility {unknown}
 m - a potion of ambrosia {unknown}
 n - a potion of cancellation {unknown}
 s - a potion of brilliance {unknown}
Comestibles
 c - 3 bread rations
 g - a royal jelly
 h - 2 meat rations
 r - 2 chunks of flesh
 t - a fruit


   Skills:
 + Level 3.4 Fighting
 + Level 3.0 Axes
 * Level 2.9 Armour
 + Level 0.8 Dodging
 * Level 3.9 Invocations


You had 3 spell levels left.
You didn't know any spells.

Dungeon Overview and Level Annotations

Branches:
Dungeon (3/15)

Altars:
Cheibriados


Innate Abilities, Weirdness & Mutations

You have sharp fingernails.


Message History

Things that are here:
a halberd; a gnoll corpse You butcher the gnoll corpse.
r - 8 chunks of flesh (gained 2)
You see here a halberd.
You start resting.
Some of the chunks of flesh in your inventory have rotted away. x2
A worm comes into view.
A worm is nearby!
The worm bites you.
You hit the worm.
The worm is lightly wounded.
The worm bites you!
* * * LOW HITPOINT WARNING * * *
You hit the worm.
The worm is lightly wounded.
You hit the worm.
The worm is moderately wounded.
The worm bites you.
You die...

...##..# ###
#..#..# #.#.#.##
#....# # #.#.#†#
#. #..#.#
#...##)#
#..##.##..#####.#
#....w@........#
##.###########.#


You could see a worm.

Vanquished Creatures
  Robin (D:2)
  4 gnolls (D:2)
  An adder (D:3)
  An ooze (D:1)
  3 worms
  2 dart slugs
  A giant cockroach (D:2)
  13 goblins
  3 hobgoblins
  5 jackals
  A quokka (D:2)
  4 bats
  7 kobolds
  6 rats
52 creatures vanquished.

Notes
Turn   | Place    | Note
-------+----------+-------------------------------------------
     0 | Abyss:1  | Gargoyl the Demonspawn Abyssal Knight began the quest for the Orb.
     0 | Abyss:1  | Reached XP level 1. HP: 18/18 MP: 2/2
    79 | Abyss:2  | Noticed a small abomination
    87 | D:1      | Escaped the Abyss
   206 | D:1      | Reached * piety under Lugonu
   327 | D:1      | Gained mutation: You have sharp fingernails. [demonic ancestry]
   327 | D:1      | Reached XP level 2. HP: 20/24 MP: 4/4
   733 | D:2      | Reached XP level 3. HP: 29/29 MP: 5/5
  1147 | D:2      | Noticed Robin
  1164 | D:2      | Killed Robin
  1573 | D:3      | Found a snail-covered altar of Cheibriados.
  1595 | D:3      | Reached XP level 4. HP: 13/35 MP: 6/6
  1603 | D:3      | Reached ** piety under Lugonu
  1982 | D:2      | HP: 1/35 [gnoll/halberd (6)]
  2070 | D:2      | Slain by a worm

Skill      XL: |  1  2  3  4 |
---------------+-------------+-----
Armour         | 2 |  2.9
Axes           | 2 3 |  3.0
Invocations    | 3 |  3.9
Fighting       | |  3.4
Dodging        | |  0.8

Action                   |  1- 3 |  4- 6 || total
-------------------------+-------+-------++-------
Melee: Hand axe          |   133 |    36 ||   169
Invok: Depart the Abyss  |     1 |       ||     1
  Use: Scroll            |     3 |       ||     3
       Potion            |       |     2 ||     2
  Eat: Chunk             |     2 |     2 ||     4
Armor: Plate armour      |   149 |    35 ||   184
Dodge: Dodged            |    33 |     8 ||    41
